 Dungeon Crawl Stone Soup version 0.30.1-11-g7821555f0a (webtiles) character file.

Game seed: 2315872600371063333

10071 EagleGuy the Protected (level 11, 0/100 HPs)
             Began as a Minotaur Berserker on Oct 29, 2023.
             Was an Elder of Trog.
             Slain by an orc warrior
             ... wielding a +0 trident
              (13 damage)
             ... on level 2 of the Orcish Mines.
             The game lasted 01:16:48 (11179 turns).

EagleGuy the Protected (Minotaur Berserker)        Turns: 11179, Time: 01:16:49

Health: 0/100      AC:  8    Str: 33    XL:     11   Next: 31%
Magic:  10/10      EV: 15    Int: 14    God:    Trog [****..]
Gold:   1461       SH:  0    Dex: 14    Spells: 10/10 levels left

rFire   . . .        e - +5 dagger "Hydrabane" {vamp, Fragile Str+3 Int+6 SInv}
rCold   . . .        (no shield)
rNeg    . . .        X - +4 robe of Augmentation {Str+4 Int+4 Dex+4}
rPois   .            (helmet restricted)
rElec   .            (no cloak)
rCorr   .            s - +0 pair of gloves
SInv    +            (no boots)
Will    .....        v - amulet of the acrobat
Stlth   ++           (no ring)
HPRegen 0.36/turn    (no ring)
MPRegen 0.12/turn

%: acrobat
@: no status effects
A: horns 2, retaliatory headbutt
a: Renounce Religion, Berserk, Trog's Hand, Brothers in Arms


You were on level 2 of the Orcish Mines.
You worshipped Trog.
Trog was greatly pleased with you.
You visited 3 branches of the dungeon, and saw 12 of its levels.
You also visited: Ossuary.

You collected 1604 gold pieces.
You spent 143 gold pieces at shops.

Inventory:

Hand Weapons
 b - a +0 dagger of venom
 e - the +5 dagger "Hydrabane" (weapon) {vamp, Fragile Str+3 Int+6 SInv}
   (You found it on level 3 of the Dungeon)

   Str:       It affects your strength (+3).
   Int:       It affects your intelligence (+6).
   SInv:      It lets you see invisible.
   Fragile:   It will be destroyed if unequipped.
 f - a +3 great sword
 m - a +3 war axe of freezing
 n - a +0 short sword
 q - a +2 heavy flail
 r - a +3 short sword
 u - a +0 trident
 Q - a +0 whip of freezing
 T - a +2 short sword of electrocution
 V - a +2 dagger of speed
 Y - a +0 eveningstar
Armour
 s - a +0 pair of gloves (worn)
 w - a +0 helmet
 W - a +0 ring mail of cold resistance
 X - the +4 robe of Augmentation (worn) {Str+4 Int+4 Dex+4}
   (You found it on level 8 of the Dungeon)

   Str:       It affects your strength (+4).
   Int:       It affects your intelligence (+4).
   Dex:       It affects your dexterity (+4).
 Z - a +0 scale mail
Magical Staves
 J - a staff of air
 M - a staff of death
Jewellery
 l - a ring of ice
 v - an amulet of the acrobat (around neck)
 L - an amulet of reflection
 R - a ring of fire
Wands
 x - a wand of polymorph (20)
 N - a wand of roots (3)
Scrolls
 c - a scroll of fog {unknown}
 g - 7 scrolls of identify {unknown}
 h - 8 scrolls of teleportation {unknown}
 j - a scroll of immolation {unknown}
 k - a scroll of poison {unknown}
 o - 3 scrolls of amnesia {unknown}
 p - a scroll of enchant armour {unknown}
 t - 2 scrolls of noise {unknown}
 y - a scroll of vulnerability {unknown}
 B - a scroll of acquirement {unknown}
 I - 3 scrolls of magic mapping {unknown}
 K - 2 scrolls of fear {unknown}
 S - a scroll of enchant weapon {unknown}
Potions
 d - 2 potions of degeneration
 i - a potion of lignification
 z - 2 potions of resistance
 A - a potion of brilliance {unknown}
 C - 2 potions of cancellation {unknown}
 D - 4 potions of curing
 E - 5 potions of might
 F - a potion of mutation {unknown}
 G - a potion of flight {unknown}
 H - 2 potions of haste
 O - a potion of attraction {unknown}
 P - a potion of magic {unknown}
Miscellaneous
 a - a phantom mirror (inert)


   Skills:
 + Level 10.2 Fighting
 + Level 10.8(11.1) Short Blades
 + Level 4.3(8.7) Long Blades
 + Level 4.9 Maces & Flails
 + Level 11.2 Armour
 + Level 7.3 Dodging
 + Level 2.5 Stealth
 + Level 1.0 Evocations


You had 10 spell levels left.
You didn't know any spells.
Your spell library contained the following spells:

 Spells                   Type           Power      Damage    Failure   Level
 Foxfire                  Conj/Fire      0%         2x1d4     28%         1
 Magic Dart               Conj           0%         1d3       28%         1
 Necrotise                Necr           0%         1d4       28%         1
 Call Imp                 Summ           0%         N/A       41%         2
 Static Discharge         Conj/Air       0%         2-2/arc   41%         2
 Mephitic Cloud           Conj/Pois/Air  0%         N/A       65%         3
 Portal Projectile        Hex/Tloc       0%         N/A       65%         3
 Tukima's Dance           Hex            0%         N/A       65%         3
 Vampiric Draining        Necr           0%         2d6       65%         3
 Vhi's Electric Charge    Tloc/Air       0%         N/A       65%         3
 Anguish                  Hex/Necr       0%         N/A       96%         4
 Cause Fear               Hex            0%         N/A       96%         4
 Flame Wave               Conj/Fire      0%         2d4       96%         4
 Agony                    Necr           0%         N/A       100%        5
 Blade Hands              Tmut           0%         N/A       100%        5
 Fireball                 Conj/Fire      0%         3d3       100%        5
 Plasma Beam              Fire/Air       0%         2x1d11    100%        6
 Starburst                Conj/Fire      0%         6d3       100%        6
 Enfeeble                 Hex            0%         N/A       100%        7
 Orb of Destruction       Conj           0%         9d5       100%        7


Dungeon Overview and Level Annotations

Branches:
Dungeon (9/15)             Temple (1/1) D:5            Lair (0/5) D:9
    Orc (2/2) D:9             Elf (0/3) Orc:2       Ossuary (visited)

Altars:
Ashenzari
Cheibriados
Dithmenos
Elyvilon
Fedhas
Gozag
Hepliaklqana
Kikubaaqudgha
Makhleb
Nemelex Xobeh
Okawaru
Qazlal
Ru
Sif Muna
Trog
Uskayaw
Vehumet
Wu Jian
Xom
Yredelemnul
Zin
The Shining One

Shops:
D:5 !   D:8 :   Orc:2 ?*


Innate Abilities, Weirdness & Mutations

You have a pair of horns on your head.
You reflexively headbutt those who attack you in melee.


Message History

The orc knight roars a battlecry!
The orcs go into a battle-frenzy!
An orc priest comes into view. It is wielding a +0 dagger.
The orc warrior barely misses you. The orc warrior completely misses you.
You furiously retaliate!
You headbutt the orc warrior! The orc barely misses you.
You furiously retaliate!
You headbutt the orc!
You kill the orc!
Trog accepts your kill. The orc misses you.
You fail to use your ability.
The sixfirhy closely misses you. x2
You furiously retaliate!
You headbutt the sixfirhy! The sixfirhy barely misses you.
You furiously retaliate!
You headbutt the sixfirhy! The orc warrior barely misses you. x2
The orc closely misses you. You furiously retaliate!
You headbutt the orc!
You kill the orc!
Trog accepts your kill.
An orc comes into view. It is wielding a +0 trident.
You fail to use your ability.
The orc warrior hits you from afar with a +0 glaive!
The orc warrior misses you. You furiously retaliate!
You headbutt the orc warrior!
The orc warrior hits you from afar with a +0 trident!
You hit the orc.
You feel better.
The orc is severely wounded.
You hit the orc.
You feel better.
You kill the orc!
Trog accepts your kill.
An orc warrior comes into view. It is wielding a +0 trident.
The orc warrior closely misses you. The orc warrior barely misses you.
The orc warrior hits you from afar with a +0 trident!
You fail to use your ability.
The sixfirhy hits you! The sixfirhy shocks you!
* * * LOW HITPOINT WARNING * * *
The sixfirhy hits you but does no damage.
The sixfirhy hits you.
* * * LOW HITPOINT WARNING * * *
The sixfirhy shocks you!
* * * LOW HITPOINT WARNING * * *
The orc warrior misses you.
The orc warrior hits you with a +0 trident!
You die...

...# .## ....
#.∩##
#..#.....# ##
ooo.#.∩#
##.ooo#...#
##..o#oo..#
#.ooo3)o.# #
##@o# ##
##.)## .##
##..## ..##
##..## ...##
##..## ....#
##..## ....##
##..##
.....####..##
#.....##...##


You could see an orc knight, a sixfirhy, 5 orc warriors, an orc priest (strong)
and 7 orcs.

Vanquished Creatures
  A two-headed ogre (D:8)
  Pikel (D:7)
  The ghost of NitroDragon903 the Ruffian, a novice TrTm (D:5)
  3 trolls (Orc:1)
  2 hornets
  A vampire (D:9)
  An acid dragon (D:8)
  3 two-headed ogre zombies (D:9)
  A water moccasin (D:8)
  6 black bears
  2 ice beasts
  6 orc warriors
  A sky beast (D:8)
  3 ogres
  3 centaurs
  3 phantoms
  A lemure (D:7)
  4 bullfrogs
  A scorpion (D:5)
  8 wights
  8 killer bees
  5 howler monkeys
  11 orc priests
  2 hounds
  2 jellies
  A sleepcap (D:4)
  6 iguanas
  14 orc wizards
  5 ogre zombies (D:9)
  8 mummies (Ossuary)
  5 gnolls
  6 adders
  An ufetubus (D:5)
  3 worms
  A dart slug (D:1)
  37 orcs
  5 bats
  12 endoplasms
  7 giant cockroaches
  A gnoll zombie (Ossuary)
  7 goblins
  4 hobgoblins
  5 jackals
  11 kobolds
  4 quokkas
  7 ball pythons
  4 frilled lizards
  2 goblin skeletons (D:9)
  A goblin zombie (D:9)
  A hobgoblin skeleton (D:9)
  5 hobgoblin zombies
  A kobold zombie (Ossuary)
  3 orc skeletons (D:9)
  18 orc zombies
  3 rats
268 creatures vanquished.

Vanquished Creatures (collateral kills)
  Erolcha (D:9)
  A yak (D:9)
  5 orc warriors
  3 black bears (D:9)
  6 ogres (Orc:2)
  5 orc priests
  An orc wizard (Orc:1)
  5 orcs (Orc:2)
27 creatures vanquished.

Grand Total: 295 creatures vanquished

Notes
Turn   | Place    | Note
-------+----------+-------------------------------------------
     0 | D:1      | EagleGuy the Minotaur Berserker began the quest for the
                  | Orb.
     0 | D:1      | Reached XP level 1. HP: 19/19 MP: 0/0
   222 | D:1      | Reached XP level 2. HP: 27/27 MP: 1/1
   597 | D:1      | Reached XP level 3. HP: 30/33 MP: 2/2
   775 | D:1      | Reached ** piety under Trog
  1604 | D:2      | Reached skill level 3 in Armour
  1710 | D:2      | Reached skill level 1 in Maces & Flails
  1913 | D:2      | Found a faded altar of an unknown god.
  2351 | D:3      | Reached XP level 4. HP: 12/41 MP: 3/3
  2359 | D:3      | HP: 2/41 [orc/+0 trident (3)]
  2365 | D:3      | HP: 3/61 [orc/+0 club (1)]
  2400 | D:3      | HP: 1/41 [orc/+0 trident (4)]
  2545 | D:3      | Reached XP level 5. HP: 35/47 MP: 4/4
  2550 | D:3      | Reached skill level 4 in Armour
  2611 | D:3      | Identified the +5 dagger "Hydrabane" {vamp, Fragile Str+3
                  | Int+6 SInv}
  2714 | D:3      | Noticed a centaur
  2717 | D:3      | Reached *** piety under Trog
  2723 | D:3      | Killed a centaur
  2756 | D:3      | Reached XP level 6. HP: 53/53 MP: 5/5
  2898 | D:3      | Found an ornate altar of the Wu Jian Council.
  2903 | D:3      | Noticed a spectral centipede
  2903 | D:3      | Noticed a spectral black mamba
  2903 | D:3      | Noticed a spectral cane toad
  3231 | D:4      | Reached skill level 5 in Fighting
  3231 | D:4      | Reached skill level 1 in Short Blades
  3276 | D:4      | Reached skill level 5 in Armour
  3291 | D:4      | Found a sand-covered staircase.
  3300 | Ossuary  | Entered an ossuary
  3322 | Ossuary  | Reached XP level 7. HP: 21/61 MP: 6/6
  3767 | D:4      | Reached **** piety under Trog
  4344 | D:5      | Entered Level 5 of the Dungeon
  4453 | D:5      | Found a runed translucent door.
  4613 | D:5      | Found a staircase to the Ecumenical Temple.
  4639 | D:5      | Found Ucayfis's Distillery.
  4661 | D:5      | You fall into a shaft and drop 1 floor!
  4689 | D:6      | Reached skill level 6 in Armour
  4769 | D:5      | Reached XP level 8. HP: 52/69 MP: 7/7
  5126 | D:5      | Bought a potion of curing for 33 gold pieces
  5126 | D:5      | Bought a potion of resistance for 110 gold pieces
  5198 | D:5      | Noticed NitroDragon903's ghost (novice TrTm)
  5211 | D:5      | Reached skill level 5 in Short Blades
  5250 | D:5      | Killed NitroDragon903's ghost
  5251 | D:5      | Reached skill level 7 in Armour
  5691 | Temple   | Entered the Ecumenical Temple
  6308 | D:6      | Found a blossoming altar of Fedhas.
  6522 | D:6      | Found a snail-covered altar of Cheibriados.
  6522 | D:6      | Found a broken altar of Ashenzari.
  7107 | D:7      | Noticed a hornet
  7107 | D:7      | Noticed Pikel
  7108 | D:7      | Paralysed by a hornet for 2 turns
  7122 | D:7      | Paralysed by a hornet for 3 turns
  7125 | D:7      | Killed a hornet
  7126 | D:7      | Reached skill level 8 in Armour
  7126 | D:7      | Reached XP level 9. HP: 32/78 MP: 8/8
  7142 | D:7      | Killed Pikel
  7143 | D:7      | Reached skill level 1 in Stealth
  7795 | D:8      | Reached skill level 5 in Dodging
  8181 | D:8      | Found a sparkling altar of Nemelex Xobeh.
  8198 | D:8      | Reached skill level 9 in Armour
  8232 | D:8      | Noticed a two-headed ogre
  8253 | D:8      | Killed a two-headed ogre
  8254 | D:8      | Reached XP level 10. HP: 18/90 MP: 9/9
  8768 | D:8      | Found Uveuxas's Book Shoppe.
  8895 | D:8      | Found the +4 robe of Augmentation {Str+4 Int+4 Dex+4}
  9193 | D:8      | Got the Parchment of the Eleven People
  9247 | D:9      | Noticed Erolcha
  9253 | D:9      | Killed Erolcha
  9254 | D:9      | Reached skill level 10 in Armour
  9313 | D:9      | Found a staircase to the Lair.
  9493 | D:9      | Found a staircase to the Orcish Mines.
  9566 | D:9      | Reached skill level 11 in Armour
  9616 | D:9      | Reached ***** piety under Trog
  9648 | D:9      | Reached skill level 10 in Short Blades
  9803 | Orc:1    | Entered Level 1 of the Orcish Mines
  9847 | Orc:1    | Reached XP level 11. HP: 79/99 MP: 10/10
  9866 | Orc:1    | Reached skill level 10 in Fighting
 10588 | Orc:2    | Entered Level 2 of the Orcish Mines
 10621 | Orc:2    | Reached skill level 1 in Evocations
 10988 | Orc:2    | Found a staircase to the Elven Halls.
 11165 | Orc:2    | Found Pefenk's General Store.
 11165 | Orc:2    | Noticed an orc knight
 11166 | Orc:2    | Found Koistee's Magic Scroll Emporium.
 11169 | Orc:2    | Noticed a sixfirhy
 11179 | Orc:2    | Slain by an orc warrior

Illustrated notes

Levels and vault maps discovered:
D:1:      lemuel_arrival_funnel, layout_basic, minmay_octomino_c4
D:2:      layout_loops_corners, serial_forest, infiniplex_forest_pool,
          infiniplex_forest_corner_1, infiniplex_forest_end_double,
          infiniplex_forest_straight_1, infiniplex_forest_clump_curved,
          infiniplex_forest_straight_1, infiniplex_forest_clump_double,
          infiniplex_forest_end_2, infiniplex_forest_lined_room_2,
          chequers_ecumenical_altar_simple, minmay_misc_feat_hallway
D:3:      minmay_bubble_buster, layout_rooms, pdpol_wu_jian_five_deadly_venoms,
          guppyfry_early_lair_pool
D:4:      layout_basic, enter_ossuary_3
D:5:      layout_rooms, temple_green, serial_shops, nicolae_inconvenience_store,
          ebering_ghost_sewer_d
D:6:      layout_basic, fedhas_altar_1, nicolae_overflow_two_pavilions
D:7:      black_bear_nest_1, layout_loops_corners, uniq_pikel
D:8:      layout_basic, old_standard_altar, serial_shops, shop
D:9:      layout_rooms, due_lair_maze_entry_diamond, zombieorc2_lemuel,
          laboratory, uniq_maurice, uniq_erolcha
Temple:   minmay_temple_bridge_d
Orc:1:    layout_caves, nicolae_orc_bridge_out
Orc:2:    pf_orc_diabolical, layout_caves

Skill      XL: |  1  2  3  4  5  6  7  8  9 10 11 |
---------------+----------------------------------+-----
Long Blades    | 4 |  4.3
Fighting       | 4 5 6 8 9 10 | 10.2
Armour         | 3 4 5 6 8 9 11 | 11.2
Maces & Flails | 1 2 3 4 |  4.9
Dodging        | 3 4 5 6 7 |  7.3
Short Blades   | 1 4 6 8 10 | 10.8
Stealth        | 1 2 |  2.5
Evocations     | 1 |  1.0

Action                     |  1- 3 |  4- 6 |  7- 9 | 10-12 || total
---------------------------+-------+-------+-------+-------++-------
  Melee: Whip              |    54 |       |       |       ||    54
         Falchion          |     6 |       |       |       ||     6
         Headbutt          |    14 |    23 |    66 |   102 ||   205
         Flail             |    56 |    41 |       |       ||    97
         Dagger            |       |    76 |   347 |   429 ||   852
         Punch             |       |     2 |     4 |     4 ||    10
 Invoke: Berserk           |       |     1 |       |       ||     1
         Trog's Hand       |       |       |     6 |     5 ||    11
         Brothers in Arms  |       |       |       |     5 ||     5
  Evoke: Phantom mirror    |       |       |       |     1 ||     1
    Use: Potion            |     1 |     3 |     8 |     2 ||    14
 Armour: Ring mail         |    41 |     5 |       |       ||    46
         Skin              |       |    45 |    30 |    24 ||    99
         Chain mail        |       |    40 |    91 |    16 ||   147
         Robe              |       |       |       |    56 ||    56
  Dodge: Dodged            |    63 |    70 |   138 |   232 ||   503
